 Dungeon Crawl Stone Soup version 0.28.0-43-g3370ac3207 (webtiles) character file.

Game seed: 7061622392021681788

47 styxcanada the Sneak (level 3, -2/18 HPs)
             Began as a Spriggan Brigand on Mar 14, 2022.
             Frozen to death by an endoplasm (3 damage)
             ... on level 2 of the Dungeon.
             The game lasted 00:04:38 (1834 turns).

styxcanada the Sneak (Spriggan Brigand)             Turns: 1834, Time: 00:04:38

Health: -2/18      AC:  3    Str:  7    XL:     3   Next: 48%
Magic:  4/4        EV: 17    Int: 12    God:
Gold:   50         SH:  0    Dex: 18    Spells: 1/2 levels left

rFire   . . .      SeeInvis +   m - +0 short sword (venom)
rCold   . . .      Faith    .   (no shield)
rNeg    . . .      Spirit   .   b - +0 robe
rPois   .          Reflect  .   (helmet restricted)
rElec   .          Harm     .   c - +0 cloak
rCorr   .          Rampage  .   (gloves unavailable)
Will    .....                   (boots unavailable)
Stlth   ++++......              (no amulet)
HPRegen 0.06/turn               (no ring)
MPRegen 0.09/turn               (no ring)

@: very quick
A: very small, no large weapons, unfitting armour, see invisible, speed 3
a: no special abilities


You were on level 2 of the Dungeon.
You visited 1 branch of the dungeon, and saw 2 of its levels.

You collected 50 gold pieces.

Inventory:

Hand Weapons
 a - a +2 dagger
 g - a +2 dagger of draining
 m - a +0 short sword of venom (weapon)
Missiles
 d - 7 poisoned darts (quivered)
 e - 2 curare-tipped darts
Armour
 b - a +0 robe (worn)
 c - a +0 cloak (worn)
Scrolls
 f - a scroll of teleportation {unknown}
 h - a scroll of noise {unknown}
 j - a scroll of immolation {unknown}
 k - a scroll of enchant armour {unknown}
Potions
 i - 3 potions of heal wounds {unknown}
 l - a potion of haste {unknown}


   Skills:
 * Level 1.7 Fighting
 + Level 2.5 Short Blades
 + Level 2.1 Throwing
 * Level 1.8 Dodging
 * Level 7.2 Stealth
 * Level 0.4 Spellcasting


You had one spell level left.
You knew the following spells:

 Your Spells              Type           Power      Damage    Failure   Level
a - Magic Dart            Conj           0%         1d3       30%         1

Your spell library contained the following spells:

 Spells                   Type           Power      Damage    Failure   Level
 Call Imp                 Summ           0%         N/A       43%         2
 Corpse Rot               Necr/Air       0%         N/A       43%         2
 Poisonous Vapours        Pois/Air       0%         N/A       43%         2
 Mephitic Cloud           Conj/Pois/Air  0%         N/A       67%         3


Dungeon Overview and Level Annotations

Branches:
Dungeon (2/15)

Altars:


Innate Abilities, Weirdness & Mutations

You are very small and have problems with some larger weapons.
You are too small for most types of armour.
You have supernaturally acute eyesight. (SInv)
You cover ground extremely quickly. (Speed+++)


Message History

The goblin barely misses you.
You see here a +0 whip.
You hit the goblin.
The goblin is moderately wounded.
The endoplasm hits you. The goblin hits you but does no damage.
You hit the endoplasm.
The endoplasm is moderately wounded.
The goblin misses you. The endoplasm closely misses you.
You closely miss the goblin.
The goblin is moderately wounded.
The goblin hits you but does no damage. The endoplasm freezes you.
You are frozen.
You closely miss the goblin.
The goblin is moderately wounded.
The endoplasm freezes you.
You are frozen.
The goblin hits you but does no damage.
You hit the endoplasm but do no damage.
The endoplasm is moderately wounded.
The endoplasm barely misses you. The goblin hits you but does no damage.
You closely miss the goblin.
The goblin is moderately wounded.
The endoplasm completely misses you. The goblin hits you with a +0 club.
You hit the goblin.
You kill the goblin!
The endoplasm closely misses you.
You completely miss the endoplasm.
The endoplasm is moderately wounded.
The endoplasm freezes you.
You are frozen.
You hit the endoplasm but do no damage.
The endoplasm is poisoned.
The endoplasm is moderately wounded.
The endoplasm freezes you.
You are frozen.
* * * LOW HITPOINT WARNING * * *
You barely miss the endoplasm. You punch the endoplasm.
The endoplasm is heavily wounded.
The endoplasm freezes you.
You are frozen.
You die...

.....# # .....+
#.####.... ##
#........ ...
#.#....# ....
......+ .....
#####...#......
#J).#.<....# .
##@##.####.# ...
#!([#......#
.....##.##.######
................#
.......#..†.....#
.......#........#
.......#........#
.......+........+
....####........#


You could see an endoplasm (very poisoned).

Vanquished Creatures
  An adder (D:2)
  A dart slug (D:1)
  2 bats (D:1)
  5 endoplasms
  2 giant cockroaches (D:1)
  4 goblins
  A hobgoblin (D:1)
  3 jackals (D:1)
  3 quokkas (D:1)
  4 ball pythons (D:1)
  4 kobolds
  4 rats (D:1)
34 creatures vanquished.

Notes
Turn   | Place    | Note
-------+----------+-------------------------------------------
     0 | D:1      | styxcanada the Spriggan Brigand began the quest for the
                  | Orb.
     0 | D:1      | Reached XP level 1. HP: 10/10 MP: 2/2
    72 | D:1      | Reached skill level 6 in Stealth
   473 | D:1      | Reached XP level 2. HP: 13/15 MP: 3/3
   949 | D:1      | Reached XP level 3. HP: 3/18 MP: 4/4
   952 | D:1      | Reached skill level 7 in Stealth
  1596 | D:1      | Found a faded altar of an unknown god.
  1605 | D:1      | Learned a level 1 spell: Magic Dart
  1834 | D:2      | Frozen to death by an endoplasm

Illustrated notes

Levels and vault maps discovered:
D:1:      psy_arrival_fountain, layout_basic,
          shapermc_ecumenical_altar_notcrosses, chequers_serial_rivers_large_b,
          item_on_display_a
D:2:      layout_basic, basic_altar, serial_shops, nicolae_shop_hallway_plus,
          minmay_split_cup_small, uniq_terence

Skill      XL: |  1  2  3 |
---------------+----------+-----
Stealth        | 6 7 |  7.2
Fighting       | |  1.7
Short Blades   | |  2.5
Throwing       | |  2.1
Dodging        | |  1.8
Spellcasting   | |  0.4

Action                   || total
-------------------------++-------
Melee: Dagger            ||    67
       Short sword       ||    14
       Punch             ||     3
Throw: Dart              ||    14
 Stab: Sleeping          ||     3
Armor: Robe              ||    17
Dodge: Dodged            ||    63
